 Dungeon Crawl Stone Soup version 0.28.0 (webtiles) character file.

Game seed: 16671980629536065378

613 ProzacElf the Chopper (level 7, -2/57 HPs)
             Began as a Hill Orc Fighter on Feb 17, 2022.
             Was an Initiate of Gozag.
             Slain by an unseen horror (4 damage)
             ... on level 5 of the Dungeon.
             The game lasted 00:07:30 (4885 turns).

ProzacElf the Chopper (Hill Orc Fighter)            Turns: 4885, Time: 00:07:30

Health: -2/57      AC: 11    Str: 19 (21) XL:     7   Next: 44%
Magic:  7/7        EV:  9    Int:  7 (8)  God:    Gozag
Gold:   248        SH:  4    Dex:  9 (10) Spells: 6/6 levels left

rFire   . . .      SeeInvis .   a - +0 war axe
rCold   . . .      Faith    .   c - +0 buckler
rNeg    . . .      Spirit   .   e - +0 scale mail
rPois   .          Reflect  .   l - +0 helmet
rElec   .          Harm     .   i - +0 cloak
rCorr   .          Rampage  .   h - +0 pair of gloves
Will    .....                   (no boots)
Stlth   ..........              g - amulet of magic regeneration
HPRegen 0.19/turn               (no ring)
MPRegen 0.50/turn               (no ring)

@: no status effects
A: no striking features
a: Renounce Religion, Potion Petition, Call Merchant, Bribe Branch


You were on level 5 of the Dungeon.
You worshipped Gozag.
Gozag was aware of your devotion.
You visited 1 branch of the dungeon, and saw 5 of its levels.

You collected 638 gold pieces.
You paid 390 gold pieces to Gozag.

Inventory:

Hand Weapons
 a - a +0 war axe (weapon)
 b - a +0 hunting sling
 s - a +0 long sword of protection
 w - a +2 spear of pain
Missiles
 n - 20 sling bullets
 p - 5 poisoned darts
 q - a throwing net
 r - 69 bolts
 v - 105 stones (quivered)
 B - 5 boomerangs
Armour
 c - a +0 buckler (worn)
 e - a +0 scale mail (worn)
 h - a +0 pair of gloves (worn)
 i - a +0 cloak (worn)
 l - a +0 helmet (worn)
Jewellery
 g - an amulet of magic regeneration (around neck)
Wands
 k - a wand of polymorph (4)
 t - a wand of flame (11)
Scrolls
 f - a scroll of enchant armour {unknown}
 j - 2 scrolls of identify {unknown}
 m - 2 scrolls of blinking {unknown}
 o - a scroll of vulnerability {unknown}
 u - a scroll of immolation {unknown}
 x - a scroll of holy word {unknown}
 y - a scroll of magic mapping {unknown}
Potions
 d - a potion of might
 z - a potion of curing
 A - 2 potions of brilliance


   Skills:
 - Level 3.6 Fighting
 + Level 7.7 Axes
 + Level 6.9 Armour
 - Level 3.2 Shields


You had 6 spell levels left.
You didn't know any spells.
Your spell library contained the following spells:

 Spells                   Type           Power      Damage    Failure   Level
 Apportation              Tloc           0%         N/A       86%         1
 Conjure Flame            Conj/Fire      0%         6-21      99%         3
 Gell's Gravitas          Tloc           0%         N/A       99%         3
 Ignite Poison            Fire/Tmut/Pois 0%         N/A       99%         3
 Lesser Beckoning         Tloc           0%         N/A       99%         3
 Portal Projectile        Hex/Tloc       0%         N/A       99%         3
 Sticky Flame             Conj/Fire      0%         2d3       100%        4
 Disjunction              Tloc           0%         N/A       100%        8


Dungeon Overview and Level Annotations

Branches:
Dungeon (5/15)
 Temple: D:4-7

Altars:
Gozag
Ru


Message History

Ye take 6 damage, an' haf 41/57 hp.
Ye miss somethin'.
Somethin' hits ye but does nay damage.
Ye swin' at nuthin'.
Somethin' hits ye. x2
Ye take 7 damage, an' haf 34/57 hp.
Ye swin' at nuthin'.
Somethin' hits ye but does nay damage.
Ye closely miss somethin'.
Somethin' hits ye!
Ye take 6 damage, an' haf 28/57 hp.
Ye closely miss somethin'.
Somethin' hits ye but does nay damage.
Ye swin' at nuthin'.
Somethin' hits ye but does nay damage.
Ye barely miss somethin'.
Somethin' hits ye but does nay damage.
Ye barely miss somethin'.
Somethin' hits ye.
Somethin' hits ye but does nay damage.
Ye take 4 damage, an' haf 24/57 hp.
Ye miss somethin'.
Somethin' hits ye.
Ye swin' at nuthin'.
Somethin' hits ye but does nay damage.
Ye swin' at nuthin'.
Somethin' hits ye but does nay damage.
Ye swin' at nuthin'.
Somethin' hits ye but does nay damage.
Ye swin' at nuthin'.
Somethin' hits ye.
Ye miss somethin'.
Somethin' hits ye but does nay damage.
Ye closely miss somethin'.
Somethin' hits ye!
* * * LOW HITPOINT WARNIN'
* * * Ye take 7 damage, an' haf 17/57 hp.
Ye swin' at nuthin'.
Somethin' hits ye!
* * * LOW HITPOINT WARNIN'
* * * Ye take 7 damage, an' haf 10/57 hp.
Ye miss somethin'.
Somethin' hits ye but does nay damage. x2
Ye miss somethin'.
Somethin' hits ye.
* * * LOW HITPOINT WARNIN'
* * * Ye take 4 damage, an' haf 7/57 hp.
Ye swin' at nuthin'.
Ye block somethin''s attack.
Okay, than.
Okay, than.
Somethin' hits ye but does nay damage.
Somethin' hits ye but does nay damage.
Somethin' hits ye but does nay damage.
Somethin' hits ye.
* * * LOW HITPOINT WARNIN'
* * * Ye take 5 damage, an' haf 2/57 hp.
Ye miss somethin'.
Somethin' hits ye.
Ye die...
Yer body crumbles inta a pile o' gold.

#### .. ...
#...##.####
..........###
#...#.......#
# #..##.#.#
.....##@#.#
####.##..#.#
#. #.##.# #.
#.##.#
#.##.##.#
#.......#
####.####
###.# ##.#.#


There were no monsters in sight!

Vanquished Creatures
  Sigmund (D:5)
  A water moccasin (D:4)
  A sky beast (D:4)
  A hound (D:3)
  A jelly (D:2)
  A killer bee zombie (D:4)
  A hound skeleton (D:4)
  Robin (D:2)
  3 gnolls (D:3)
  4 adders
  A dart slug (D:1)
  6 orcs (D:4)
  9 ball pythons
  2 bats (D:2)
  7 endoplasms
  A giant cockroach (D:2)
  14 goblins
  10 hobgoblins
  6 jackals
  2 quokkas
  5 kobolds
  6 rats
84 creatures vanquished.

Notes
Turn   | Place    | Note
-------+----------+-------------------------------------------
     0 | D:1      | ProzacElf the Hill Orc Fighter began the quest for the Orb.
     0 | D:1      | Reached XP level 1. HP: 19/19 MP: 1/1
    21 | D:1      | Reached skill level 3 in Axes
    26 | D:1      | Reached XP level 2. HP: 16/26 MP: 2/2
   565 | D:1      | Found a faded altar of an unknown god.
   568 | D:1      | Prayed at the altar of an unknown god.
   568 | D:1      | Became a worshipper of Gozag Ym Sagoz the Greedy
   642 | D:1      | Reached XP level 3. HP: 31/31 MP: 3/3
  1208 | D:2      | Reached skill level 4 in Axes
  1255 | D:2      | Reached XP level 4. HP: 35/39 MP: 4/4
  1257 | D:2      | Noticed Robin
  1268 | D:2      | Killed Robin
  2065 | D:2      | Reached skill level 5 in Axes
  2300 | D:2      | Reached XP level 5. HP: 45/45 MP: 5/5
  2448 | D:3      | Found a sacrificial altar of Ru.
  2452 | D:3      | Reached skill level 5 in Armour
  2531 | D:3      | Found an opulent altar of Gozag.
  3884 | D:4      | Reached XP level 6. HP: 38/51 MP: 6/6
  3971 | D:4      | Got Muyleefuusm's Almanac of Orientation
  4016 | D:4      | Noticed a water moccasin
  4022 | D:4      | Noticed a sky beast
  4023 | D:4      | Reached skill level 6 in Axes
  4036 | D:4      | Killed a water moccasin
  4043 | D:4      | Killed a sky beast
  4044 | D:4      | Reached skill level 7 in Axes
  4044 | D:4      | Reached XP level 7. HP: 17/57 MP: 7/7
  4791 | D:5      | Entered Level 5 of the Dungeon
  4794 | D:5      | Noticed Sigmund
  4801 | D:5      | Killed Sigmund
  4884 | D:5      | HP: 2/57 [something (6)]
  4885 | D:5      | Slain by an unseen horror

Illustrated notes

Levels and vault maps discovered:
D:1:      erik_arrival_cave_to_civilisation [erik_arrival_cave_to_hall],
          layout_basic, hellmonk_ecumenical_altar_inner_sanctum,
          kennysheep_nondescript
D:2:      layout_loops_cross, uniq_robin
D:3:      wander_river, layout_basic, nicolae_ru_awakened_eye,
          nicolae_overflow_crystal_walls
D:4:      layout_loops_ring
D:5:      gammafunk_wand_slinger, layout_loops_corners,
          nicolae_wooded_promenade, uniq_sigmund

Skill      XL: |  1  2  3  4  5  6 |
---------------+-------------------+-----
Axes           | 3 4 5 7 |  7.7
Armour         | 4 5 6 |  6.9
Fighting       | |  3.6
Shields        | |  3.2

Action                   |  1- 3 |  4- 6 |  7- 9 || total
-------------------------+-------+-------+-------++-------
Melee: War axe           |    58 |   155 |    29 ||   242
       Unarmed           |       |    10 |       ||    10
Invok: Potion Petition   |       |     1 |       ||     1
  Use: Potion            |       |     1 |     5 ||     6
Armor: Scale mail        |    29 |    92 |    28 ||   149
Dodge: Dodged            |    26 |    73 |     8 ||   107
Block: Buckler           |    11 |    35 |     5 ||    51
